[ AOE2 MATCH · #506591022 ]
UnrankedBulgarians vs Chinese
Player's team · WIN
Rival team · LOSS
[ REPLAY ANALYSIS · EXTRACTED FROM THE RECORDED GAME ]
Feudal
10:07
Castle
32:08
Imperial
—
| APM avg | 69.9 |
| APM peak | 115 |
| eAPM avg | 28.2 |
| Villagers / military | 95 / 67 |
Focus
⚔️ 47.6% · 🌾 52.4%
Spearman ×39 · Militia ×12 · Scout Cavalry ×8 · Knight ×4 · Archer ×3 · Skirmisher ×1
Feudal
8:42
Castle
—
Imperial
—
| APM avg | 63.7 |
| APM peak | 87 |
| eAPM avg | 25.0 |
| Villagers / military | 57 / 49 |
Focus
⚔️ 36.3% · 🌾 63.7%
Scout Cavalry ×33 · Skirmisher ×15 · Spearman ×1
Match map
Initial resources + every placement click. Lines = walls · curves = elevation contours. ◆ gold · ⬟ stone · ● berries · ✦ relic · ◌ wall gap
Your base· Open — 7t gap
RD | El_Zapatero22's base· Open — unwalled flank
Smoothed initial terrain · ◌ = detected wall gap · hover for details
Inputs per minute
— thankyou9527 - - RD | El_Zapatero22
Build order — thankyou9527
First 150 of 293 actions detected
| 0:00 | Create | Villager (Male) |
| 0:01 | Create | Villager (Male) |
| 0:01 | Create | Villager (Male) |
| 0:01 | Create | Villager (Male) |
| 0:02 | Build | House |
| 0:03 | Build | House |
| 1:14 | Create | Villager (Male) |
| 1:14 | Create | Villager (Male) |
| 1:14 | Create | Villager (Male) |
| 1:14 | Create | Villager (Male) |
| 2:07 | Create | Villager (Male) |
| 2:08 | Create | Villager (Male) |
| 2:19 | Create | Villager (Male) |
| 2:19 | Create | Villager (Male) |
| 2:19 | Create | Villager (Male) |
| 2:56 | Create | Villager (Male) |
| 2:56 | Create | Villager (Male) |
| 3:05 | Build | Lumber Camp |
| 3:13 | Build | House |
| 3:23 | Create | Villager (Male) |
| 3:23 | Create | Villager (Male) |
| 3:23 | Create | Villager (Male) |
| 3:23 | Create | Villager (Male) |
| 3:50 | Create | Villager (Male) |
| 3:51 | Create | Villager (Male) |
| 3:51 | Create | Villager (Male) |
| 4:07 | Create | Villager (Male) |
| 4:07 | Create | Villager (Male) |
| 4:28 | Build | House |
| 4:36 | Research | Loom |
| 4:37 | Create | Villager (Male) |
| 4:38 | Create | Villager (Male) |
| 4:38 | Create | Villager (Male) |
| 5:09 | Create | Villager (Male) |
| 6:14 | Build | Barracks |
| 6:18 | Create | Villager (Male) |
| 6:48 | Create | Villager (Male) |
| 7:01 | Build | House |
| 7:57 | Research | Feudal Age |
| 7:57 | Research | Feudal Age |
| 7:57 | Research | Feudal Age |
| 8:06 | Build | Mining Camp |
| 8:12 | Create | Militia |
| 8:12 | Create | Militia |
| 8:12 | Create | Militia |
| 8:35 | Create | Militia |
| 8:36 | Create | Militia |
| 8:57 | Build | House |
| 9:00 | Build | Palisade Wall |
| 9:03 | Create | Militia |
| 9:04 | Create | Militia |
| 9:18 | Create | Militia |
| 9:41 | Create | Villager (Male) |
| 9:56 | Build | Mill |
| 10:05 | Create | Villager (Male) |
| 10:06 | Create | Villager (Male) |
| 10:07 | Age | Feudal Age |
| 10:33 | Build | Archery Range |
| 10:54 | Create | Villager (Male) |
| 10:54 | Create | Villager (Male) |
| 11:00 | Build | Mill |
| 11:07 | Build | House |
| 11:25 | Create | Villager (Male) |
| 11:25 | Create | Villager (Male) |
| 11:36 | Build | Watch Tower |
| 11:44 | Create | Spearman |
| 11:45 | Create | Spearman |
| 12:15 | Create | Villager (Male) |
| 12:15 | Create | Villager (Male) |
| 12:34 | Build | Mining Camp |
| 12:41 | Create | Villager (Male) |
| 12:45 | Create | Villager (Male) |
| 12:45 | Create | Villager (Male) |
| 12:45 | Create | Villager (Male) |
| 12:55 | Build | House |
| 12:57 | Build | Palisade Wall |
| 12:58 | Build | Palisade Wall |
| 13:19 | Create | Villager (Male) |
| 13:19 | Create | Villager (Male) |
| 13:22 | Create | Spearman |
| 13:26 | Build | Palisade Wall |
| 13:33 | Build | Palisade Wall |
| 13:36 | Build | Palisade Wall |
| 13:58 | Create | Spearman |
| 14:03 | Build | House |
| 14:05 | Build | House |
| 14:13 | Create | Villager (Male) |
| 14:36 | Build | House |
| 14:41 | Create | Villager (Male) |
| 15:05 | Build | House |
| 15:21 | Create | Spearman |
| 15:25 | Build | House |
| 15:26 | Build | House |
| 15:28 | Build | House |
| 15:32 | Build | House |
| 15:46 | Build | House |
| 15:48 | Create | Villager (Male) |
| 15:48 | Create | Villager (Male) |
| 15:48 | Create | Villager (Male) |
| 15:59 | Build | House |
| 16:03 | Build | Palisade Wall |
| 16:18 | Build | Watch Tower |
| 16:40 | Build | Palisade Wall |
| 16:41 | Build | Palisade Wall |
| 16:47 | Build | Palisade Wall |
| 16:49 | Build | Palisade Wall |
| 16:49 | Build | Palisade Wall |
| 16:51 | Build | Palisade Wall |
| 16:52 | Build | Palisade Wall |
| 16:52 | Build | Palisade Wall |
| 16:54 | Create | Villager (Male) |
| 16:54 | Create | Villager (Male) |
| 16:54 | Create | Villager (Male) |
| 16:59 | Build | Farm |
| 17:03 | Build | Farm |
| 17:03 | Build | Farm |
| 17:03 | Build | Farm |
| 17:24 | Create | Spearman |
| 17:53 | Create | Villager (Male) |
| 17:53 | Create | Villager (Male) |
| 17:55 | Build | Farm |
| 17:55 | Build | Farm |
| 17:55 | Build | Farm |
| 18:10 | Create | Villager (Male) |
| 18:10 | Create | Villager (Male) |
| 18:27 | Create | Villager (Male) |
| 18:37 | Build | Blacksmith |
| 18:45 | Create | Militia |
| 18:45 | Create | Militia |
| 18:46 | Create | Militia |
| 18:50 | Build | Farm |
| 18:51 | Build | Farm |
| 18:51 | Build | Farm |
| 19:05 | Create | Villager (Male) |
| 19:15 | Create | Spearman |
| 19:27 | Create | Spearman |
| 19:44 | Build | Farm |
| 19:52 | Create | Villager (Male) |
| 19:53 | Create | Villager (Male) |
| 19:57 | Build | House |
| 20:01 | Build | Farm |
| 20:03 | Build | Farm |
| 20:13 | Build | Mill |
| 20:19 | Create | Spearman |
| 20:25 | Create | Villager (Male) |
| 20:30 | Create | Spearman |
| 20:38 | Create | Villager (Male) |
| 20:44 | Build | Farm |
| 20:44 | Build | Farm |
| 21:14 | Build | Watch Tower |
Build order — RD | El_Zapatero22
First 150 of 181 actions detected
| 0:00 | Research | Loom |
| 0:01 | Build | House |
| 0:40 | Create | Villager (Male) |
| 0:40 | Create | Villager (Male) |
| 1:23 | Create | Villager (Male) |
| 1:39 | Create | Villager (Male) |
| 1:40 | Create | Villager (Male) |
| 2:10 | Create | Villager (Male) |
| 2:23 | Create | Villager (Male) |
| 2:41 | Build | Mill |
| 2:49 | Create | Villager (Male) |
| 3:20 | Create | Villager (Male) |
| 3:33 | Create | Villager (Male) |
| 3:37 | Build | House |
| 3:53 | Create | Villager (Male) |
| 4:13 | Create | Villager (Male) |
| 4:30 | Create | Villager (Male) |
| 4:40 | Create | Villager (Male) |
| 4:57 | Create | Villager (Male) |
| 6:03 | Build | Lumber Camp |
| 6:32 | Research | Feudal Age |
| 6:32 | Research | Feudal Age |
| 6:57 | Build | Palisade Wall |
| 7:21 | Build | Palisade Wall |
| 7:26 | Build | House |
| 7:44 | Build | Mill |
| 8:05 | Build | Palisade Wall |
| 8:35 | Build | Barracks |
| 8:42 | Age | Feudal Age |
| 8:46 | Create | Villager (Male) |
| 8:55 | Build | Palisade Wall |
| 9:02 | Create | Villager (Male) |
| 9:39 | Create | Villager (Male) |
| 9:43 | Build | Stable |
| 10:08 | Create | Villager (Male) |
| 10:11 | Research | Double-Bit Axe |
| 10:12 | Research | Horse Collar |
| 10:17 | Build | Farm |
| 10:22 | Build | House |
| 10:33 | Create | Scout Cavalry |
| 10:38 | Build | Watch Tower |
| 10:48 | Create | Villager (Male) |
| 10:51 | Build | Palisade Wall |
| 11:01 | Build | Farm |
| 11:05 | Build | Palisade Gate |
| 11:16 | Create | Villager (Male) |
| 11:32 | Create | Villager (Male) |
| 11:40 | Build | Farm |
| 11:41 | Build | Farm |
| 11:55 | Build | Farm |
| 12:11 | Build | Farm |
| 12:12 | Create | Villager (Male) |
| 12:15 | Build | House |
| 12:28 | Create | Scout Cavalry |
| 12:33 | Build | Palisade Wall |
| 12:39 | Build | Farm |
| 12:41 | Build | Farm |
| 12:45 | Create | Villager (Male) |
| 12:59 | Build | Farm |
| 13:17 | Create | Scout Cavalry |
| 13:18 | Create | Villager (Male) |
| 13:42 | Create | Scout Cavalry |
| 13:46 | Create | Villager (Male) |
| 14:08 | Create | Villager (Male) |
| 14:37 | Create | Villager (Male) |
| 14:51 | Build | House |
| 14:55 | Build | House |
| 15:01 | Create | Scout Cavalry |
| 15:28 | Create | Villager (Male) |
| 15:36 | Build | Farm |
| 15:54 | Create | Villager (Male) |
| 16:17 | Build | Lumber Camp |
| 16:19 | Create | Scout Cavalry |
| 16:30 | Create | Villager (Male) |
| 16:56 | Create | Villager (Male) |
| 16:58 | Build | House |
| 17:24 | Create | Villager (Male) |
| 17:52 | Create | Scout Cavalry |
| 18:12 | Create | Villager (Male) |
| 18:51 | Create | Villager (Male) |
| 18:59 | Create | Scout Cavalry |
| 19:05 | Build | Lumber Camp |
| 19:41 | Create | Villager (Male) |
| 19:43 | Build | Farm |
| 19:55 | Create | Scout Cavalry |
| 20:14 | Create | Villager (Male) |
| 20:25 | Build | Archery Range |
| 20:36 | Build | Farm |
| 20:47 | Research | Horse Collar |
| 20:50 | Research | Wheelbarrow |
| 20:50 | Research | Wheelbarrow |
| 21:06 | Create | Scout Cavalry |
| 21:09 | Create | Skirmisher |
| 21:09 | Create | Skirmisher |
| 21:11 | Create | Skirmisher |
| 21:15 | Build | Farm |
| 21:22 | Create | Skirmisher |
| 21:32 | Build | Farm |
| 21:39 | Build | House |
| 22:03 | Build | Blacksmith |
| 22:10 | Build | Farm |
| 22:12 | Create | Skirmisher |
| 22:51 | Create | Villager (Male) |
| 22:56 | Build | Lumber Camp |
| 23:03 | Build | Farm |
| 23:04 | Build | Farm |
| 23:12 | Research | Fletching |
| 23:29 | Create | Villager (Male) |
| 23:36 | Research | Scale Barding Armor |
| 23:39 | Build | House |
| 24:02 | Build | Farm |
| 24:05 | Create | Villager (Male) |
| 24:16 | Create | Skirmisher |
| 24:16 | Create | Scout Cavalry |
| 24:33 | Build | Archery Range |
| 24:34 | Create | Villager (Male) |
| 24:46 | Build | Market |
| 25:00 | Create | Villager (Male) |
| 25:33 | Create | Villager (Male) |
| 25:37 | Build | Farm |
| 25:57 | Create | Scout Cavalry |
| 26:08 | Create | Villager (Male) |
| 26:29 | Create | Villager (Male) |
| 26:34 | Build | Mill |
| 26:48 | Create | Spearman |
| 26:48 | Create | Scout Cavalry |
| 26:49 | Create | Scout Cavalry |
| 26:58 | Build | Farm |
| 26:59 | Build | Farm |
| 27:04 | Create | Scout Cavalry |
| 27:15 | Create | Villager (Male) |
| 27:21 | Create | Scout Cavalry |
| 27:33 | Create | Skirmisher |
| 27:48 | Create | Villager (Male) |
| 28:04 | Create | Villager (Male) |
| 28:17 | Create | Villager (Male) |
| 28:18 | Create | Scout Cavalry |
| 28:30 | Create | Scout Cavalry |
| 28:32 | Build | Stable |
| 28:45 | Create | Villager (Male) |
| 28:54 | Create | Scout Cavalry |
| 28:54 | Create | Scout Cavalry |
| 29:14 | Create | Villager (Male) |
| 29:27 | Create | Scout Cavalry |
| 29:28 | Create | Scout Cavalry |
| 29:28 | Create | Villager (Male) |
| 29:40 | Build | Farm |
| 30:10 | Create | Scout Cavalry |
| 30:18 | Create | Skirmisher |
| 30:18 | Create | Skirmisher |
Match timeline
| 6:14 | thankyou9527 · first_building Barracks |
| 6:57 | RD | El_Zapatero22 · wall_segment Palisade Wall x6 |
| 7:21 | RD | El_Zapatero22 · wall_segment Palisade Wall x3 |
| 8:05 | RD | El_Zapatero22 · wall_segment Palisade Wall x7 |
| 8:35 | RD | El_Zapatero22 · first_building Barracks |
| 8:42 | RD | El_Zapatero22 · age_up feudal |
| 8:55 | RD | El_Zapatero22 · wall_segment Palisade Wall x1 |
| 9:00 | thankyou9527 · wall_segment Palisade Wall x4 |
| 9:43 | RD | El_Zapatero22 · first_building Stable |
| 10:07 | thankyou9527 · age_up feudal |
| 10:33 | thankyou9527 · first_building Archery Range |
| 10:51 | RD | El_Zapatero22 · wall_segment Palisade Wall x1 |
| 12:33 | RD | El_Zapatero22 · wall_segment Palisade Wall x1 |
| 12:57 | thankyou9527 · wall_segment Palisade Wall x3 |
| 12:58 | thankyou9527 · wall_segment Palisade Wall x4 |
| 13:26 | thankyou9527 · wall_segment Palisade Wall x1 |
| 13:33 | thankyou9527 · wall_segment Palisade Wall x1 |
| 13:36 | thankyou9527 · wall_segment Palisade Wall x1 |
| 16:03 | thankyou9527 · wall_segment Palisade Wall x1 |
| 16:40 | thankyou9527 · wall_segment Palisade Wall x1 |
| 16:41 | thankyou9527 · wall_segment Palisade Wall x1 |
| 16:47 | thankyou9527 · wall_segment Palisade Wall x1 |
| 16:49 | thankyou9527 · wall_segment Palisade Wall x1 |
| 16:49 | thankyou9527 · wall_segment Palisade Wall x1 |
| 16:51 | thankyou9527 · wall_segment Palisade Wall x1 |
| 16:52 | thankyou9527 · wall_segment Palisade Wall x1 |
| 16:52 | thankyou9527 · wall_segment Palisade Wall x1 |
| 20:25 | RD | El_Zapatero22 · first_building Archery Range |
| 21:46 | thankyou9527 · wall_segment Palisade Wall x1 |
| 23:22 | thankyou9527 · wall_segment Palisade Wall x1 |
| 23:22 | thankyou9527 · wall_segment Palisade Wall x1 |
| 24:21 | thankyou9527 · first_building Stable |
| 25:43 | thankyou9527 · wall_segment Palisade Wall x1 |
| 25:44 | thankyou9527 · wall_segment Palisade Wall x1 |
| 25:45 | thankyou9527 · wall_segment Palisade Wall x2 |
| 25:45 | thankyou9527 · wall_segment Palisade Wall x2 |
| 25:46 | thankyou9527 · wall_segment Palisade Wall x1 |
| 26:50 | thankyou9527 · wall_segment Palisade Wall x1 |
| 26:50 | thankyou9527 · wall_segment Palisade Wall x1 |
| 27:01 | RD | El_Zapatero22 · first_market_sell 500 wood |
| 27:02 | RD | El_Zapatero22 · first_market_buy 100 food |
| 29:15 | thankyou9527 · first_market_buy 100 food |
| 29:27 | thankyou9527 · first_market_sell 100 wood |
| 30:18 | thankyou9527 · wall_segment Palisade Wall x1 |
| 30:19 | thankyou9527 · wall_segment Palisade Wall x1 |
| 30:20 | thankyou9527 · wall_segment Palisade Wall x1 |
| 30:21 | thankyou9527 · wall_segment Palisade Wall x1 |
| 30:22 | thankyou9527 · wall_segment Palisade Wall x1 |
| 30:23 | thankyou9527 · wall_segment Palisade Wall x1 |
| 30:23 | thankyou9527 · wall_segment Palisade Wall x1 |
| 30:25 | thankyou9527 · wall_segment Palisade Wall x1 |
| 30:54 | thankyou9527 · wall_segment Palisade Wall x1 |
| 30:56 | thankyou9527 · wall_segment Palisade Wall x1 |
| 31:00 | thankyou9527 · wall_segment Palisade Wall x1 |
| 32:08 | thankyou9527 · age_up castle |
| 34:37 | RD | El_Zapatero22 · wall_segment Stone Wall x1 |
| 34:43 | RD | El_Zapatero22 · wall_segment Stone Wall x1 |
| 34:46 | RD | El_Zapatero22 · wall_segment Stone Wall x2 |
| 35:11 | RD | El_Zapatero22 · resign |
[ AI ANALYSIS · 1 CREDIT ]
What really happened in this match?
Wolo.gg analyzes every decision: build order, eco, micro, common mistakes by bracket. Personalized analysis on WhatsApp or Discord in 30 seconds.
Civ guide
Bulgarians
Perfil
thankyou9527